 Dungeon Crawl Stone Soup version 0.30-a0-457-g4b7bca3bfa (webtiles) character file.

Game seed: 388150089780047698

67 Ijustatesigmund the Firebug (level 4, -4/32 HPs)
             Began as a Gnoll Fire Elementalist on Dec 13, 2022.
             Slain by a gnoll
             ... wielding a +0 flail
              (11 damage)
             ... on level 2 of the Dungeon.
             The game lasted 00:02:45 (1652 turns).

Ijustatesigmund the Firebug (GnFE)                  Turns: 1652, Time: 00:02:46

Health: -4/32      AC:  4    Str:  7    XL:     4   Next: 18%
Magic:  3/11       EV: 13    Int: 17    God:
Gold:   153        SH:  0    Dex: 12    Spells: 10/13 levels left

rFire   . . .      SeeInvis .    i - +0 spear
rCold   . . .      Faith    .    (no shield)
rNeg    . . .      Spirit   .    a - +0 robe
rPois   .          Reflect  .    c - +0 helmet
rElec   .          Harm     .    (no cloak)
rCorr   .          Rampage  .    d - +0 pair of gloves
Will    .....                    (no boots)
Stlth   ++........               (no amulet)
HPRegen 0.25/turn                (no ring)
MPRegen 0.12/turn                (no ring)

@: no status effects
A: fangs 1, strong nose, distributed training
a: no special abilities


You were on level 2 of the Dungeon.
You visited 1 branch of the dungeon, and saw 2 of its levels.

You collected 153 gold pieces.

Inventory:

Hand Weapons
 i - a +0 spear (weapon)
Armour
 a - a +0 robe (worn)
 c - a +0 helmet (worn)
 d - a +0 pair of gloves (worn)
Jewellery
 n - a ring of wizardry
Wands
 q - a wand of polymorph (4)
Scrolls
 l - a scroll of identify {unknown}
 m - a scroll of magic mapping {unknown}
 o - a scroll of butterflies {unknown}
Potions
 b - a potion of magic
 e - a potion of attraction {unknown}
 f - a potion of berserk rage {unknown}
 g - a potion of mutation {unknown}
 h - 2 potions of cancellation
 j - a potion of brilliance {unknown}
 k - a potion of curing {unknown}
 p - a potion of heal wounds {unknown}
 r - a potion of flight {unknown}


   Skills:
 + Level 1.1 Fighting
 + Level 1.1 Short Blades
 + Level 1.1 Long Blades
 + Level 1.1 Axes
 + Level 1.1 Maces & Flails
 + Level 1.1 Polearms
 + Level 1.1 Staves
 + Level 1.1 Ranged Weapons
 + Level 1.1 Throwing
 + Level 1.1 Armour
 + Level 4.6 Dodging
 + Level 4.2 Stealth
 + Level 1.1 Shields
 + Level 1.1 Unarmed Combat
 + Level 5.0 Spellcasting
 + Level 2.2 Conjurations
 + Level 0.8 Hexes
 + Level 0.8 Summonings
 + Level 0.8 Necromancy
 + Level 0.8 Translocations
 + Level 0.8 Transmutations
 + Level 5.4 Fire Magic
 + Level 0.8 Ice Magic
 + Level 0.8 Air Magic
 + Level 0.8 Earth Magic
 + Level 0.8 Poison Magic
 + Level 1.2 Invocations
 + Level 1.1 Evocations


You had 10 spell levels left.
You knew the following spells:

 Your Spells              Type           Power      Damage    Failure   Level
a - Foxfire               Conj/Fire      68%        2x1d7     3%          1
b - Scorch                Fire           44%        2d7       2%          2

Your spell library contained the following spells:

 Spells                   Type           Power      Damage    Failure   Level
 Inner Flame              Hex/Fire       15%        N/A       12%         3
 Kindle Blastsparks       Fire/Tloc/Air  24%        2d12      16%         3
 Flame Wave               Conj/Fire      17%        2d7       28%         4
 Sticky Flame             Conj/Fire      17%        2d4       28%         4


Dungeon Overview and Level Annotations

Branches:
Dungeon (2/15)

Altars:

Shops:
D:1 *


Innate Abilities, Weirdness & Mutations

You have very sharp teeth.
Your uncanny sense of smell can sniff out nearby items.
Your experience applies equally to all skills.


Message History

Confirm with . or Enter, or press ? or * to list all spells.
You conjure some foxfire!
The gnoll shouts! x3; You hear a shout!
The foxfire hits the bat.
The bat is severely wounded.
The bat misses you. The bat hits you but does no damage.
The bat attacks as you move away! The bat hits you but does no damage.
The bat hits you.
Casting: Foxfire (safe; 3% risk of failure)
Confirm with . or Enter, or press ? or * to list all spells.
Flames lash the gnoll.
The gnoll is lightly wounded.
The gnoll's fire resistance burns away.
The bat closely misses you. The bat hits you but does no damage.
Casting: Scorch (safe; 2% risk of failure)
Confirm with . or Enter, or press ? or * to list all spells.
Flames lash the bat.
You kill the bat!
The gnoll is no longer more vulnerable to fire.
Casting: Scorch (safe; 2% risk of failure)
Confirm with . or Enter, or press ? or * to list all spells.
Flames lash the gnoll.
The gnoll is heavily wounded.
The gnoll's fire resistance burns away.
The gnoll barely misses you. x2
The gnoll hits you with a +0 flail!
The gnoll hits you from afar with a +0 halberd.
Casting: Scorch (safe; 2% risk of failure)
Confirm with . or Enter, or press ? or * to list all spells.
Flames lash the gnoll.
The gnoll is severely wounded.
The gnoll's fire resistance burns away.
The gnoll hits you with a +0 flail. The gnoll barely misses you.
The gnoll hits you with a +0 flail!
* * * LOW HITPOINT WARNING * * *
The gnoll closely misses you.
It was a potion of cancellation.
You feel magically purged.
The gnoll is no longer more vulnerable to fire.
The gnoll hits you with a +0 flail!
You die...

##+# #.#
#. # #.#
#. ## #.
#.# ##
..g#.####
#.#
.?....).#
#.#
#.g...g#
#.# #g#
#.#
#g#####.#
#.@.....#
#########


You could see 3 gnolls.

Vanquished Creatures
  Robin (D:2)
  An adder (D:2)
  A gnoll (D:1)
  A worm (D:2)
  3 endoplasms (D:2)
  9 goblins
  5 hobgoblins
  3 quokkas (D:2)
  2 ball pythons
  3 bats
  A frilled lizard (D:1)
  2 rats
32 creatures vanquished.

Vanquished Creatures (others)
  78 foxfires
78 creatures vanquished.

Grand Total: 110 creatures vanquished

Notes
Turn   | Place    | Note
-------+----------+-------------------------------------------
     0 | D:1      | Ijustatesigmund the Gnoll Fire Elementalist began the quest
                  | for the Orb.
     0 | D:1      | Reached XP level 1. HP: 13/13 MP: 6/6
   257 | D:1      | Found Xutowink's Assorted Antiques.
   406 | D:1      | Reached XP level 2. HP: 14/20 MP: 1/7
   725 | D:2      | Found a faded altar of an unknown god.
   823 | D:2      | Reached skill level 5 in Spellcasting
   823 | D:2      | Reached XP level 3. HP: 25/25 MP: 5/9
   941 | D:2      | Noticed Robin
   942 | D:2      | Reached skill level 1 in Invocations
   947 | D:2      | Killed Robin
   950 | D:2      | Reached skill level 1 in Fighting
   950 | D:2      | Reached skill level 1 in Short Blades
   950 | D:2      | Reached skill level 1 in Long Blades
   950 | D:2      | Reached skill level 1 in Axes
   950 | D:2      | Reached skill level 1 in Maces & Flails
   950 | D:2      | Reached skill level 1 in Polearms
   950 | D:2      | Reached skill level 1 in Staves
   950 | D:2      | Reached skill level 1 in Ranged Weapons
   950 | D:2      | Reached skill level 1 in Throwing
   950 | D:2      | Reached skill level 1 in Armour
   950 | D:2      | Reached skill level 1 in Shields
   950 | D:2      | Reached skill level 1 in Unarmed Combat
   950 | D:2      | Reached skill level 1 in Evocations
  1489 | D:2      | Reached XP level 4. HP: 29/32 MP: 8/11
  1571 | D:2      | Learned a level 2 spell: Scorch
  1652 | D:2      | Slain by a gnoll

Illustrated notes

Levels and vault maps discovered:
D:1:      minmay_arrival_open_corners, layout_rooms, serial_shops,
          nicolae_shop_waterfront
D:2:      layout_loops_corners, hellmonk_ecumenical_altar_zigzags, uniq_robin

Skill      XL: |  1  2  3 |
---------------+----------+-----
Conjurations   | 2 |  2.2
Spellcasting   | 5 |  5.0
Invocations    | 1 |  1.2
Fighting       | 1 |  1.1
Short Blades   | 1 |  1.1
Long Blades    | 1 |  1.1
Axes           | 1 |  1.1
Maces & Flails | 1 |  1.1
Polearms       | 1 |  1.1
Staves         | 1 |  1.1
Ranged Weapons | 1 |  1.1
Throwing       | 1 |  1.1
Armour         | 1 |  1.1
Shields        | 1 |  1.1
Unarmed Combat | 1 |  1.1
Evocations     | 1 |  1.1
Dodging        | |  4.6
Stealth        | |  4.2
Hexes          | |  0.8
Summonings     | |  0.8
Necromancy     | |  0.8
Translocations | |  0.8
Transmutations | |  0.8
Fire Magic     | |  5.4
Ice Magic      | |  0.8
Air Magic      | |  0.8
Earth Magic    | |  0.8
Poison Magic   | |  0.8

Action                   |  1- 3 |  4- 6 || total
-------------------------+-------+-------++-------
Melee: Spear             |     3 |       ||     3
 Cast: Foxfire           |    50 |     6 ||    56
       Scorch            |       |     4 ||     4
  Use: Scroll            |     2 |       ||     2
       Potion            |       |     1 ||     1
Armor: Robe              |     1 |     3 ||     4
       Skin              |     1 |       ||     1
Dodge: Dodged            |     8 |     6 ||    14

Table legend: (Time is in decaauts)
 A = Elapsed time spent in this place.
 B = Non-inter-level travel time spent in this place.
 C = Inter-level travel time spent in this place.
 D = Time resting spent in this place.
 E = Time spent auto-exploring this place.
 F = Levels seen in this place.
 G = Mean time per level.
                   A        B        C        D        E       F      G
               +--------+--------+--------+--------+--------+-----+--------+
         Total |   1652 |   1646 |      6 |     83 |   1343 |   2 |  826.0 |
       Dungeon |   1652 |   1646 |      6 |     83 |   1343 |   2 |  826.0 |
               +--------+--------+--------+--------+--------+-----+--------+

Top non-repeatable levels by time:
     D:2: 1041 daAuts
     D:1: 610 daAuts
